 Dungeon Crawl Stone Soup version 0.30-a0-719-gcc4359ea44 (webtiles) character file.

Game seed: 4474632856463008998

32715 rageheart7 the Thaumaturge (level 13, -7/249 HPs)
             Began as a White Draconian Conjurer on Jan 26, 2023.
             Was a Priest of Ashenzari.
             Mangled by a four-headed hydra (9 damage)
             ... summoned by a boggart
             ... on level 5 of the Lair of Beasts.
             The game lasted 00:50:52 (18056 turns).

rageheart7 the Thaumaturge (DrCj)                  Turns: 18056, Time: 00:50:53

Health: -7/249     AC: 30    Str: 14    XL:     13   Next: 32%
Magic:  0/27       EV:  2    Int: 25    God:    Ashenzari [***...]
Gold:   1001       SH:  0    Dex: 15    Spells: 15/32 levels left

rFire   . . .      SeeInvis +    w - +5 mace of Ashenzari's Disgust {flame, rN+ Will+ Str+3 Int+4, Evo, Elem} (curse)
rCold   . . .      Faith    .    k - orb {light}
rNeg    + . .      Spirit   +    (body armour unavailable)
rPois   +          Reflect  .    (helmet currently unavailable)
rElec   +          Harm     .    (cloak currently unavailable)
rCorr   .          Rampage  .    (gloves currently unavailable)
Will    +....      Clarity  +    (boots currently unavailable) Stlth NoTele +
                                 x - amulet of Ashenzari's Visionary {Spirit +Inv rElec Str+2, Fort, Alch} (curse)
HPRegen 0.61/turn                r - ring "Distant Yoke" {Slay+4, Cun, Alch} (curse)
MPRegen 0.20/turn                M - +4 ring of protection

@: mighty, berserking, tree-form, glowing, very quick
A: stationary, stasis, torment immunity, boosted hp, (breathe frost), AC +8,
unfitting armour, (cold resistance 1), (cold-blooded), agile 1, sense
surroundings 1, subdued magic 1
a: Renounce Religion, Evoke Invisibility, Curse Item, Shatter the Chains


You were on level 5 of the Lair of Beasts.
You worshipped Ashenzari.
Ashenzari was most pleased with you.
You were a tree.
You visited 3 branches of the dungeon, and saw 16 of its levels.

You collected 1001 gold pieces.

Inventory:

Hand Weapons
 w - the cursed +5 mace of Ashenzari's Disgust (weapon) {flame, rN+ Will+ Str+3 Int+4, Evo, Elem}
   (You found it on level 8 of the Dungeon)

   Str:       It affects your strength (+3).
   Int:       It affects your intelligence (+4).
   rN:        It protects you from negative energy.
   Will:      It increases your willpower.
   It has a curse which improves the following skills: Evocations: Evocations.
   Elements:  Fire Magic, Ice Magic, Air Magic and Earth Magic.
Armour
 d - the cursed +1 hat of the Fated Shame (melded) {Int+3, Fort, Cun}
   (You acquired it on level 7 of the Dungeon)

   Int:       It affects your intelligence (+3).
   It has a curse which improves the following skills: Fortitude: Shields.
   Cunning:   Dodging and Stealth.
 k - an orb of light (worn)
 l - a +0 pair of boots (melded)
 v - a +1 pair of gloves (melded)
 G - the cursed scarf "Manifest Soothsayer" (melded) {rC+ rF+, Elem, Fort}
   (You found it on level 2 of the Lair of Beasts)

   It has a curse which improves the following skills: Elements: Fire Magic, Ice
   Magic, Air Magic and Earth Magic.
   Fortitude: Shields.
Jewellery
 r - the cursed ring "Distant Yoke" (left branch) {Slay+4, Cun, Alch}
   (You found it on level 3 of the Dungeon)

   [ring of slaying]

   Slay:      It affects your accuracy & damage with ranged weapons and melee
   (+4).
   It has a curse which improves the following skills: Cunning: Dodging and
   Stealth.
   Alchemy:   Poison Magic and Transmutations.
 x - the cursed amulet of Ashenzari's Visionary (around neck) {Spirit +Inv rElec Str+2, Fort, Alch}
   (You found it on level 5 of the Dungeon)

   [amulet of guardian spirit]

   It causes incoming damage to be divided between your reserves of health and
   magic.
   Str:       It affects your strength (+2).
   rElec:     It insulates you from electricity.
   +Inv:      It lets you turn invisible.
   It has a curse which improves the following skills: Fortitude: Shields.
   Alchemy:   Poison Magic and Transmutations.
 y - a ring of resist corrosion
 F - a ring of magical power
 M - a +4 ring of protection (right branch)
Wands
 j - a wand of charming (23)
 m - a wand of polymorph (1)
 t - a wand of flame (32)
 E - a wand of roots (10)
 I - a wand of light (2)
 L - a wand of mindburst (10)
Scrolls
 a - 4 scrolls of blinking
 b - 2 scrolls of immolation
 g - 4 scrolls of identify
 o - 6 scrolls of enchant armour
 q - 3 scrolls of teleportation
 u - a scroll of magic mapping
 z - 3 scrolls of enchant weapon
 A - 2 scrolls of amnesia
 D - 2 scrolls of vulnerability
 J - a scroll of silence
Potions
 e - 2 potions of haste
 f - 7 potions of flight
 h - a potion of lignification
 i - 3 potions of ambrosia
 n - 4 potions of brilliance
 p - 2 potions of curing
 s - 2 potions of might
 B - a potion of berserk rage
 C - a potion of cancellation
 H - a potion of invisibility
Miscellaneous
 K - a box of beasts


   Skills:
 + Level 9.1 Fighting
 * Level 9.5 Maces & Flails
 - Level 8.0(9.6) Dodging
 - Level 1.7(2.9) Stealth
 - Level 10.0 Spellcasting
 + Level 9.2 Conjurations
 - Level 3.2(5.3) Transmutations
 * Level 7.4(9.1) Ice Magic
 + Level 9.1(10.7) Air Magic


You had 15 spell levels left.
You knew the following spells:

 Your Spells              Type           Power      Damage    Failure   Level
a - Magic Dart            Conj           100%       1d8       1%          1
b - Searing Ray           Conj           90%        2d7       1%          2
c - Vhi's Electric Charg  Tloc/Air       60%        N/A       1%          3
d - Arcjolt               Conj/Air       24%        1d34      1%          5
e - Conjure Ball Lightni  Conj/Air       24%        3x3d7     11%         6

Your spell library contained the following spells:

 Spells                   Type           Power      Damage    Failure   Level
 Dazzling Flash           Conj/Hex       54%        N/A       1%          3
 Apportation              Tloc           18%        N/A       3%          1
 Flame Wave               Conj/Fire      27%        2d9       5%          4
 Sticky Flame             Conj/Fire      27%        2d5       5%          4
 Fulminant Prism          Conj/Hex       13%        3d8       6%          4
 Iskenderun's Mystic Bla  Conj/Tloc      27%        2d7       6%          4
 Inner Flame              Hex/Fire       10%        N/A       12%         3
 Blade Hands              Tmut           15%        N/A       13%         5
 Alistair's Intoxication  Tmut/Pois      13%        N/A       34%         5
 Cause Fear               Hex            4%         N/A       38%         4
 Iron Shot                Conj/Erth      13%        9d3       69%         6
 Maxwell's Capacitive Co  Air            25%        ∞         98%         8
 Discord                  Hex            4%         N/A       100%        8
 Disjunction              Tloc           4%         N/A       100%        8
 Animate Armour           Summ/Erth      Unusable   N/A       N/A         4

Dungeon Overview and Level Annotations

Branches:
Dungeon (10/15)            Temple (1/1) D:4            Lair (5/5) D:8
  Swamp (0/4) Lair:2       Spider (0/4) Lair:3
  Slime: Lair:4-5       Orc: D:9-12

Altars:
Ashenzari
Cheibriados
Dithmenos
Elyvilon
Fedhas
Gozag
Hepliaklqana
Kikubaaqudgha
Makhleb
Nemelex Xobeh
Okawaru
Qazlal
Ru
Sif Muna
Trog
Uskayaw
Vehumet
Wu Jian
Xom
Yredelemnul
Zin
The Shining One

Annotations:
D:4 exclusion: oklob plant


Innate Abilities, Weirdness & Mutations

You are a tree.
Your roots penetrate the ground, keeping you stationary.
You cannot be teleported.
You are immune to unholy pain and torment.
Your maximum health is greatly increased.
Your equipment is partially melded.
((You can breathe waves of freezing cold which knock back foes.))
((Your icy white scales are hard. (AC +8)))
You cannot fit into any form of body armour.
((Your flesh is cold resistant. (rC+)))
((You are cold-blooded and may be slowed by cold attacks.))
You are agile. (Dex +4, Str/Int -1)
You passively map a small area around you.
Your spells are a little easier to cast, but a little less powerful.


Message History

The four-headed hydra bites you but does no damage. x2
The four-headed hydra bites you!
* * * LOW HITPOINT WARNING * * *
The four-headed hydra bites you but does no damage.
The black bear bites you but does no damage.
The black bear claws you but does no damage. x2
The spriggan rider hits you but does no damage.
You feel better.
The four-headed hydra bites you but does no damage. x4
The black bear bites you but does no damage.
The black bear claws you but does no damage.
The black bear barely misses you.
The spriggan rider hits you but does no damage.
A red film seems to cover your vision as you go berserk!
You feel yourself moving faster!
You feel mighty!
The four-headed hydra bites you but does no damage.
The four-headed hydra bites you.
* * * LOW HITPOINT WARNING * * *
The four-headed hydra bites you but does no damage.
The four-headed hydra bites you.
* * * LOW HITPOINT WARNING * * *
The black bear bites you.
* * * LOW HITPOINT WARNING * * *
The black bear claws you but does no damage. x2
The spriggan rider hits you but does no damage.
You completely miss the black bear.
The four-headed hydra bites you but does no damage.
The four-headed hydra bites you.
* * * LOW HITPOINT WARNING * * *
The four-headed hydra bites you but does no damage.
The four-headed hydra barely misses you.
The black bear bites you but does no damage.
The black bear barely misses you.
The black bear claws you but does no damage.
The spriggan rider hits you but does no damage.
The elephant trumpets!
You sock the black bear! You burn the black bear.
The black bear is moderately wounded.
The four-headed hydra bites you!
You die...

♣..... *
♣...Y.* *
♣♣.YY♣ ** *
♣..ih♣♣
,,**
♣.{{lS♣ * *
♣.{♣♣y♣♣ ,
* ♣( ♣ii♣
,,* ♣. ♣♣D♣
, * ♣.* ♣♣♣
* ,, ♣.♣
♣♣h♣ ,,, ##
♣..♣ ♣yi♣ ,
♣♣♣. ♣..♣
♣.♣♣ ♣♣♣...
*♣.♣♣♣.♣ *
{ * ♣...#P
♣..♣..♣
*♣♣##.<.
♣♣.....♣ *
{**♣♣P#...P
♣....♣.♣* *
,,*
♣.......
♣♣..♣♣♣..*
,**
♣♣.......


You could see a four-headed hydra (summoned), 3 elephants, a spriggan rider, a
polar bear, a komodo dragon (summoned), a black mamba (summoned), 2 hornets, a
black bear and 3 spriggans.

Vanquished Creatures
  Gastronok (Lair:2)
  3 two-headed ogres
  3 death yaks (Lair:4)
  Urug (Lair:3)
  A bog body (Lair:2)
  A lindwurm (Lair:2)
  Pikel (D:9)
  2 cyclopes (D:10)
  A wolf spider (Lair:3)
  9 elephants (Lair:4)
  3 black mambas (Lair:4)
  Maurice (D:9)
  Joseph (Lair:1)
  An unseen horror (D:9)
  11 cane toads
  3 komodo dragons
  2 rime drakes
  5 polar bears
  4 hornets
  7 dream sheep (Lair:4)
  16 blink frogs
  A spriggan (Lair:5)
  A culicivora (Lair:3)
  A wyvern (Lair:4)
  2 wraiths
  9 yaks
  4 basilisks
  2 steam dragons
  Eustachio (D:4)
  2 swamp worms (Lair:2)
  4 water moccasins
  An acid dragon (D:9)
  2 ice beasts
  2 orc warriors
  5 black bears
  5 centaurs
  2 ogres
  17 wolves
  A lemure (D:9)
  3 phantoms
  A kobold brigand (D:7)
  9 bullfrogs
  2 gnoll sergeants
  A necrophage (D:4)
  4 scorpions
  5 wights (D:6)
  6 killer bees
  6 howler monkeys (D:8)
  An electric eel (Lair:2)
  2 jellies
  8 hounds
  4 orc priests
  Ijyb (D:5)
  2 gnoll boudas
  6 hell rats (Lair:3)
  6 orc wizards
  4 iguanas
  18 gnolls
  10 adders
  4 white imps
  2 ufetubi (D:6)
  2 worms
  2 dart slugs
  27 orcs
  3 bats
  3 endoplasms
  8 giant cockroaches
  6 hobgoblins
  3 quokkas
  5 ball pythons
  6 goblins
  14 kobolds
  4 rats
327 creatures vanquished.

Vanquished Creatures (others)
  5 dream sheep (D:8)
  A bush (Lair:5)
  24 fungi
  32 plants
62 creatures vanquished.

Grand Total: 389 creatures vanquished

Notes
Turn   | Place    | Note
-------+----------+-------------------------------------------
     0 | D:1      | rageheart7 the Draconian Conjurer began the quest for the
                  | Orb.
     0 | D:1      | Reached XP level 1. HP: 14/14 MP: 3/3
   205 | D:1      | Reached XP level 2. HP: 22/22 MP: 5/5
   209 | D:1      | Learned a level 2 spell: Searing Ray
   227 | D:1      | Reached skill level 1 in Fighting
   771 | D:2      | Found a sparkling altar of Nemelex Xobeh.
   776 | D:2      | Reached XP level 3. HP: 23/28 MP: 1/7
   899 | D:2      | Reached skill level 3 in Spellcasting
  1213 | D:2      | Found a faded altar of an unknown god.
  1648 | D:2      | Reached XP level 4. HP: 32/36 MP: 7/9
  1881 | D:2      | Gained mutation: You do not regenerate when monsters are
                  | visible. [potion of mutation]
  1881 | D:2      | Gained mutation: You are dopey. (Int -2) [potion of
                  | mutation]
  1881 | D:2      | Gained mutation: You have a beak for a mouth. [potion of
                  | mutation]
  2690 | D:3      | Lost mutation: You do not regenerate when monsters are
                  | visible. [potion of mutation]
  2690 | D:3      | Lost mutation: You are dopey. (Int -2) [potion of mutation]
  2690 | D:3      | Lost mutation: You have a beak for a mouth. [potion of
                  | mutation]
  2690 | D:3      | Gained mutation: Your spells are a little harder to cast,
                  | but a little more powerful. [potion of mutation]
  2690 | D:3      | Gained mutation: You are agile. (Dex +4, Str/Int -1)
                  | [potion of mutation]
  3028 | D:3      | Learned a level 3 spell: Vhi's Electric Charge
  3076 | D:4      | Noticed a scorpion
  3081 | D:4      | Killed a scorpion
  3082 | D:4      | Reached skill level 4 in Spellcasting
  3082 | D:4      | Reached XP level 5. HP: 44/44 MP: 3/11
  3167 | D:4      | Found a staircase to the Ecumenical Temple.
  3240 | D:4      | Found a shadowy altar of Dithmenos.
  3276 | Temple   | Entered the Ecumenical Temple
  3603 | Temple   | Became a worshipper of Ashenzari the Shackled
  3658 | D:4      | Noticed a steam dragon
  3665 | D:4      | Killed a steam dragon
  3666 | D:4      | Reached skill level 5 in Spellcasting
  3666 | D:4      | Reached XP level 6. HP: 22/52 MP: 3/13
  3849 | D:4      | Found a hazy altar of Hepliaklqana.
  3969 | D:4      | Found a white marble altar of Elyvilon.
  3984 | D:4      | Noticed Eustachio
  3994 | D:4      | Killed Eustachio
  3995 | D:4      | Reached skill level 6 in Spellcasting
  3995 | D:4      | Your scales start taking on an icy white colour.
  3995 | D:4      | Reached XP level 7. HP: 60/60 MP: 4/16
  3995 | D:4      | Gained mutation: Your flesh is cold resistant. (rC+) [White
                  | Draconian growth]
  4653 | D:4      | Reached skill level 5 in Fighting
  4799 | D:4      | Found a blossoming altar of Fedhas.
  4810 | D:4      | Noticed an oklob plant
  5032 | D:5      | Entered Level 5 of the Dungeon
  5122 | D:5      | Reached skill level 1 in Air Magic
  5161 | D:5      | Reached XP level 8. HP: 34/70 MP: 0/18
  5344 | D:5      | Identified the amulet of Trepidation {Spirit +Inv rElec
                  | Str+2}
  5625 | D:5      | Found a hide-covered altar of Uskayaw.
  5691 | D:5      | Reached skill level 7 in Spellcasting
  5722 | D:5      | Noticed Ijyb
  5729 | D:5      | Killed Ijyb
  6857 | D:6      | Reached skill level 8 in Spellcasting
  7064 | D:6      | Reached XP level 9. HP: 73/78 MP: 19/21
  7688 | D:7      | Reached skill level 5 in Air Magic
  7814 | D:7      | HP: 3/79 [poisoned by a gnoll sergeant]
  8380 | D:7      | Learned a level 5 spell: Arcjolt
  8499 | D:7      | Found a radiant altar of Vehumet.
  8625 | D:7      | Identified a scroll of acquirement
  8625 | D:7      | Acquired the +1 hat "Duadiacuo" {Int+3}
  8695 | D:8      | Reached skill level 5 in Conjurations
  8973 | D:8      | Found a staircase to the Lair.
  9000 | D:8      | Identified the +5 mace "Nulah" {flame, rN+ Will+ Str+3
                  | Int+4}
  9032 | D:8      | Lost mutation: You are agile. (Dex +4, Str/Int -1) [potion
                  | of mutation]
  9032 | D:8      | Lost mutation: Your spells are a little harder to cast, but
                  | a little more powerful. [potion of mutation]
  9032 | D:8      | Gained mutation: You have a pair of small horns on your
                  | head. [potion of mutation]
  9032 | D:8      | Gained mutation: Potions are less effective at restoring
                  | your health. [potion of mutation]
  9033 | D:8      | Lost mutation: Potions are less effective at restoring your
                  | health. [potion of mutation]
  9033 | D:8      | Lost mutation: You have a pair of small horns on your head.
                  | [potion of mutation]
  9033 | D:8      | Gained mutation: Your spells are a little easier to cast,
                  | but a little less powerful. [potion of mutation]
  9033 | D:8      | Gained mutation: You are agile. (Dex +4, Str/Int -1)
                  | [potion of mutation]
  9033 | D:8      | Gained mutation: You passively map a small area around you.
                  | [potion of mutation]
  9075 | D:8      | Reached * piety under Ashenzari
  9350 | D:8      | Found a shimmering altar of Xom.
  9432 | D:9      | Reached skill level 5 in Dodging
  9487 | D:9      | Found a basalt altar of Yredelemnul.
  9543 | D:9      | Reached XP level 10. HP: 86/86 MP: 22/22
  9642 | D:9      | Noticed Pikel
  9669 | D:9      | Killed Pikel
  9752 | D:9      | Noticed a two-headed ogre
  9759 | D:9      | Killed a two-headed ogre
  9949 | D:9      | Noticed a two-headed ogre
  9981 | D:9      | Killed a two-headed ogre
 10466 | D:9      | Noticed Maurice
 10470 | D:9      | Killed Maurice
 10870 | D:10     | Entered Level 10 of the Dungeon
 10898 | D:9      | Reached skill level 1 in Maces & Flails
 11071 | D:10     | Noticed a two-headed ogre
 11078 | D:10     | Killed a two-headed ogre
 11079 | D:10     | Reached XP level 11. HP: 68/92 MP: 1/23
 11087 | D:10     | Paralysed by a hornet for 3 turns
 11564 | D:10     | Noticed a sea snake
 11574 | D:10     | Noticed a death knight
 11636 | Lair:1   | Entered Level 1 of the Lair of Beasts
 11893 | Lair:1   | Reached skill level 9 in Spellcasting
 12045 | Lair:1   | Noticed Joseph
 12055 | Lair:1   | Killed Joseph
 12178 | Lair:1   | Reached ** piety under Ashenzari
 12212 | Lair:1   | Reached skill level 5 in Maces & Flails
 12224 | Lair:1   | Reached skill level 1 in Transmutations
 13179 | Lair:2   | Found a staircase to the Swamp.
 13179 | Lair:2   | Noticed a bog body
 13185 | Lair:2   | Killed a bog body
 13416 | Lair:2   | Reached skill level 10 in Spellcasting
 13419 | Lair:2   | Reached XP level 12. HP: 87/100 MP: 10/26
 13894 | Lair:2   | Reached *** piety under Ashenzari
 13940 | Lair:2   | Noticed Gastronok
 13952 | Lair:2   | Killed Gastronok
 14130 | Lair:2   | Learned a level 6 spell: Conjure Ball Lightning
 14290 | Lair:2   | Reached skill level 1 in Ice Magic
 15152 | Lair:3   | Noticed Urug
 15160 | Lair:3   | Killed Urug
 15564 | Lair:3   | Found a hole to the Spider Nest.
 16132 | Lair:4   | Reached skill level 5 in Ice Magic
 16771 | Lair:4   | Reached XP level 13. HP: 79/108 MP: 6/27
 17905 | Lair:5   | Entered Level 5 of the Lair of Beasts
 18025 | Lair:5   | Paralysed by a hornet for 2 turns
 18050 | Lair:5   | HP: 8/166 [spriggan rider/+0 spear (10)]
 18052 | Lair:5   | HP: 2/166 [four-headed hydra[a boggart] (11)]
 18056 | Lair:5   | Mangled by a four-headed hydra

Illustrated notes

Levels and vault maps discovered:
D:1:      lightli_molten_gateway, layout_rooms, serial_corexii_hall,
          chequers_hall_statues_y, corexii_hall_statues_s
D:2:      layout_loops_ring, shapermc_ecumenical_altar_notcrosses, basic_altar
D:3:      layout_basic, corexii_leaking_fountain
D:4:      layout_basic, mainiacjoe_overflow_chevrons, general_overflow_altar,
          elyvilon_altar_1, tgw_fedhas, minmay_temple_entry_mini_moons,
          minmay_misc_feat_x, minmay_checkerbox, uniq_eustachio
D:5:      layout_layer_cave, overflow_temple_1_default, uniq_ijyb
D:6:      layout_gridville
D:7:      layout_basic, nicolae_overflow_hidden_temple
D:8:      layout_basic, kb_xom_exploding_sheep, lair_entry_dummy
D:9:      layout_stronghold, lemuel_round_altar, minmay_misc_feat_secret_circle,
          uniq_pikel, uniq_maurice
D:10:     minmay_bloctagon, layout_rooms, serial_shops, shop,
          hangedman_abyss_or_decor_lesser_grid
Temple:   minmay_temple_curvy_branch
Lair:1:   layout_cave_pods, chequers_serial_rivers_marsh, grunt_megastairs_4,
          lemuel_fruit_fields, infiniplex_staircase_pool_2, lemuel_fruit_fields,
          uniq_joseph
Lair:2:   layout_regular_city, nicolae_swamp_entry_splash_gauntlet,
          grunt_megastairs_5, uniq_gastronok
Lair:3:   layout_roguey, spider_nest_entry_funnel_web, uniq_urug
Lair:4:   layout_cave_pods
Lair:5:   minmay_lair_end_enchanted_forest, layout_misc_corridors,
          nicolae_slime_entry_slimehenge, minivault_24

Skill      XL: |  1  2  3  4  5  6  7  8  9 10 11 12 13 |
---------------+----------------------------------------+-----
Fighting       | 1 2 3 4 5 7 8 9 |  9.1
Spellcasting   | 3 4 5 6 8 10 | 10.0
Air Magic      | 1 3 7 8 9 |  9.1
Dodging        | 2 5 7 8 |  8.0
Conjurations   | 5 7 8 9 |  9.2
Maces & Flails | 2 6 8 9 |  9.5
Transmutations | 2 3 |  3.2
Ice Magic      | 6 7 |  7.4
Stealth        | |  1.7

Action                     |  1- 3 |  4- 6 |  7- 9 | 10-12 | 13-15 || total
---------------------------+-------+-------+-------+-------+-------++-------
  Melee: Unarmed           |    73 |       |       |       |       ||    73
         Tailslap          |    11 |     8 |    31 |    54 |    13 ||   117
         Whip              |     6 |    51 |   175 |       |       ||   232
         Peck              |       |     3 |       |       |       ||     3
         Mace              |       |       |    19 |   264 |    72 ||   355
   Cast: Magic Dart        |    49 |    28 |    77 |    55 |     5 ||   214
         Searing Ray       |     2 |     8 |    12 |       |       ||    22
         Vhi's Electric Ch |       |       |     6 |    37 |     6 ||    49
         Arcjolt           |       |       |     1 |    89 |    15 ||   105
 Invoke: Curse Item        |       |       |     2 |     3 |       ||     5
Ability: Breathe Frost     |       |       |     5 |       |       ||     5
    Use: Potion            |       |     2 |    11 |     4 |    10 ||    27
         Scroll            |       |     2 |     9 |     1 |       ||    12
 Armour: Skin              |    37 |    19 |    73 |   115 |    77 ||   321
  Dodge: Dodged            |    40 |    39 |   175 |   332 |    63 ||   649

Table legend: (Time is in decaauts)
 A = Elapsed time spent in this place.
 B = Non-inter-level travel time spent in this place.
 C = Inter-level travel time spent in this place.
 D = Time resting spent in this place.
 E = Time spent auto-exploring this place.
 F = Levels seen in this place.
 G = Mean time per level.
                   A        B        C        D        E       F      G
               +--------+--------+--------+--------+--------+-----+--------+
         Total |  18126 |  17432 |    694 |    324 |  14672 |  16 | 1132.9 |
       Dungeon |  11339 |  10829 |    510 |      1 |   9161 |  10 | 1133.9 |
        Temple |    352 |    259 |     93 |      0 |    253 |   1 |  352.0 |
          Lair |   6433 |   6342 |     91 |    323 |   5257 |   5 | 1286.6 |
               +--------+--------+--------+--------+--------+-----+--------+

Top non-repeatable levels by time:
  Lair:4: 2199 daAuts
     D:4: 1627 daAuts
     D:5: 1594 daAuts
     D:9: 1539 daAuts
  Lair:1: 1467 daAuts
  Lair:2: 1376 daAuts
  Lair:3: 1242 daAuts
     D:3: 1164 daAuts
     D:2: 1127 daAuts
     D:7: 1069 daAuts
     D:6: 960 daAuts
     D:8: 782 daAuts
     D:1: 771 daAuts
    D:10: 703 daAuts
  Temple: 352 daAuts
